 Dungeon Crawl Stone Soup version 0.31-a0-435-g2c6fae2916 (webtiles) character file.

Game seed: 13279887504817717346

15600 arthad the Fighter (level 12, -13/77 HPs)
             Began as a Gargoyle Fighter on Aug 1, 2023.
             Was a High Priest of Cheibriados.
             Mangled by a large slime creature (33 damage)
             ... on level 12 of the Dungeon.
             The game lasted 00:31:13 (9893 turns).

arthad the Fighter (Gargoyle Fighter)               Turns: 9893, Time: 00:31:14

Health: -13/77     AC: 21    Str: 38    XL:     12   Next: 28%
Magic:  17/17      EV: 13    Int: 24    God:    Cheibriados [*****.]
Gold:   125        SH: 13    Dex: 23    Spells: 11/11 levels left

rFire   . . .        a - +2 mace (drain)
rCold   . . .        z - +0 kite shield
rNeg    + + .        S - +0 scale mail
rPois   ∞            (no helmet)
rElec   +            (no cloak)
rCorr   .            f - +2 pair of gloves
SInv    .            (no boots)
Will    +....        k - amulet of regeneration
Stlth   +            v - ring of positive energy
HPRegen 1.12/turn    F - ring of willpower
MPRegen 0.15/turn

%: no passive effects
@: very slow
A: sickness immunity, AC +8, negative energy resistance 1, electricity
resistance, torment resistance 1, petrification resistance
a: Renounce Religion, Bend Time, Temporal Distortion, Slouch, Step From Time


You were on level 12 of the Dungeon.
You worshipped Cheibriados.
Cheibriados was extremely pleased with you.
You visited 1 branch of the dungeon, and saw 12 of its levels.
You also visited: Ossuary.

You collected 753 gold pieces.
You spent 628 gold pieces at shops.

Inventory:

Hand Weapons
 a - a +2 mace of draining (weapon)
 b - the +7 arbalest "Elecseca" {heavy, rElec}
   (You bought it in a shop on level 6 of the Dungeon)

   rElec:     It insulates you from electricity.
 r - the +1 short sword of Cowardice {protect, Fly rPois SInv}
   (You found it on level 3 of the Dungeon)

   rPois:     It protects you from poison.
   SInv:      It lets you see invisible.
   Fly:       It grants you flight.
 J - the +4 trident "Tucaf" {spect, rElec rPois rF- Int+4}
   (You found it on level 8 of the Dungeon)

   Int:       It affects your intelligence (+4).
   rF:        It makes you vulnerable to fire.
   rElec:     It insulates you from electricity.
   rPois:     It protects you from poison.
 O - a +0 flail
 R - a +2 mace of holy wrath
Missiles
 t - 5 atropa-tipped darts
 I - 17 poisoned darts (quivered)
Armour
 c - a +0 buckler
 f - a +2 pair of gloves (worn)
 x - the +1 robe of Servitude {rCorr}
   (You found it on level 9 of the Dungeon)

   rCorr:     It protects you from acid and corrosion.
 z - a +0 kite shield (worn)
 S - a +0 scale mail (worn)
Magical Staves
 V - a staff of cold
Jewellery
 k - an amulet of regeneration (around neck)
 v - a ring of positive energy (left hand)
 F - a ring of willpower (right hand)
 K - a ring of willpower
 P - a ring of magical power
 U - a ring of ice
Wands
 u - a wand of light (9)
 A - a wand of iceblast (10)
 B - a wand of charming (3)
 H - a wand of mindburst (16)
 L - a wand of polymorph (17)
 N - a wand of flame (45)
Scrolls
 d - 12 scrolls of identify {unknown}
 e - 3 scrolls of enchant weapon {unknown}
 h - 2 scrolls of fear {unknown}
 l - 6 scrolls of teleportation {unknown}
 p - 4 scrolls of fog
 s - a scroll of brand weapon {unknown}
 y - 2 scrolls of vulnerability {unknown}
 C - a scroll of poison {unknown}
 E - a scroll of noise {unknown}
 M - a scroll of revelation
 W - a scroll of enchant armour
Potions
 g - a potion of heal wounds
 i - a potion of ambrosia
 j - 2 potions of invisibility
 m - 7 potions of degeneration {unknown}
 n - 3 potions of haste {unknown}
 o - a potion of cancellation
 q - a potion of brilliance {unknown}
 w - 4 potions of curing
 D - a potion of attraction
 G - 2 potions of magic
 Q - a potion of might
 T - 4 potions of enlightenment


   Skills:
 * Level 10.3 Fighting
 * Level 9.2 Maces & Flails
 + Level 2.2 Ranged Weapons
 * Level 10.2 Armour
 + Level 4.0 Dodging
 * Level 10.2 Shields
 * Level 7.5 Invocations


You had 11 spell levels left.
You didn't know any spells.
Your spell library contained the following spells:

 Spells                   Type           Power      Damage    Failure   Level
 Inner Flame              Hex/Fire       0%         N/A       71%         3
 Ozocubu's Armour         Ice            0%         N/A       71%         3
 Flame Wave               Conj/Fire      0%         2d4       98%         4
 Sticky Flame             Conj/Fire      0%         2d3       98%         4
 Ozocubu's Refrigeration  Ice            0%         4d7       100%        7


Dungeon Overview and Level Annotations

Branches:
Dungeon (12/15)            Temple (0/1) D:7            Lair (0/5) D:9
Ossuary (visited)
    Orc: D:9-12

Altars:
Ashenzari
Cheibriados
Elyvilon
Fedhas
Gozag
Hepliaklqana
Nemelex Xobeh
Okawaru
Qazlal
Ru
Trog
Vehumet
Xom
Yredelemnul
Zin

Shops:
D:6 (


Innate Abilities, Weirdness & Mutations

You are immune to sickness and miasma.
Your stone body is resilient. (AC +8)
You are immune to poison.
You resist negative energy. (rN+)
You are resistant to electric shocks. (rElec)
You are resistant to unholy torment.
You are immune to petrification.


Message History

You kill the slime creature!
Cheibriados thoroughly appreciates the change of pace.
The slime creature completely misses you.
A large slime creature splits.
The slime creature misses you.
You hit the slime creature.
The slime creature is moderately wounded.
The slime creature barely misses you. The slime creature misses you.
The slime creature hits you.
You bludgeon the slime creature!!
The slime creature is severely wounded.
The slime creature hits you but does no damage.
The slime creature hits you. x2
You hit the slime creature. You drain the slime creature.
The slime creature is severely wounded.
The slime creature hits you but does no damage.
The slime creature hits you. The slime creature closely misses you.
You sock the slime creature!
The slime creature is almost dead.
Two slime creatures merge to form a large slime creature.
You block the slime creature's attack.
You sock the slime creature!
You kill the slime creature!
Cheibriados appreciates the change of pace.
The slime creature hits you.
You thump the slime creature!
The slime creature is heavily wounded.
The large slime creature hits you!!
* * * LOW HITPOINT WARNING * * *
The slime creature closely misses you.
The slime creature seems less drained.
The large slime creature closely misses you.
The slime creature barely misses you.
The large slime creature attacks as you move away!
You block the large slime creature's attack.
The slime creature attacks as you move away!
The slime creature hits you but does no damage.
Two slime creatures merge to form a large slime creature.
There is a stone staircase leading up here.
The large slime creature hits you!!
You die...

~≈≈≈≈≈≈≈≈≈≈≈≈≈#
.≈≈≈≈≈≈≈≈≈≈≈≈≈≈
≈≈≈~≈≈≈≈≈≈≈≈≈≈≈≈≈
≈≈≈≈≈#≈≈~≈~≈≈≈≈≈
~≈~≈~~~~..~≈≈≈≈
.~~.~~...~~~≈#
....###...##
#.#.<##@..#
#..#<#J.##
#.J.J..#
#.#####.# #.
#..## #. #### #


You could see a large slime creature and a slime creature.

Vanquished Creatures
  Fannar (D:11)
  2 two-headed ogres
  A centaur warrior (D:11)
  A cyclops (D:11)
  A komodo dragon (D:10)
  A kobold demonologist (D:10)
  2 polar bears (D:11)
  2 trolls
  A polar bear (shapeshifter) (D:10)
  Grinder (D:4)
  Sigmund (D:4)
  2 centaur simulacra (D:11)
  3 slime creatures (D:12)
  3 wraiths
  A fire elemental (D:9)
  17 yaks
  4 fire bats (D:9)
  2 steam dragons
  3 vampire mosquitoes (D:10)
  A water moccasin (D:7)
  A hell hound (D:9)
  6 orc warriors
  A sky beast (D:6)
  An ice beast (D:11)
  A black bear (D:6)
  5 ogres
  5 centaurs
  3 wolves (D:11)
  2 phantoms
  3 elf zombies (Ossuary)
  3 kobold brigands
  3 bullfrogs
  3 necrophages (D:4)
  2 gnoll sergeants
  2 scorpions (D:5)
  A wight (D:7)
  14 killer bees
  6 howler monkeys
  2 lava snakes (D:9)
  5 centaur zombies (Ossuary)
  4 human zombies (Ossuary)
  5 orc priests
  6 hounds
  A jelly (D:6)
  A gnoll bouda (D:6)
  2 scorpion zombies (D:4)
  15 orc wizards
  2 sleepcaps
  3 iguanas
  A boggart simulacrum (D:11)
  3 mummies (Ossuary)
  13 adders
  13 gnolls
  6 white imps
  4 ufetubi
  3 adder zombies (D:4)
  4 worms (D:2)
  4 dart slugs
  46 orcs
  11 endoplasms
  2 giant cockroaches
  6 goblins
  6 hobgoblins
  6 jackals (D:1)
  4 quokkas
  7 ball pythons
  5 bats
  3 frilled lizards (D:1)
  14 kobolds
  6 rats
325 creatures vanquished.

Notes
Turn   | Place    | Note
-------+----------+-------------------------------------------
     0 | D:1      | arthad the Gargoyle Fighter began the quest for the Orb.
     0 | D:1      | Reached XP level 1. HP: 14/14 MP: 1/1
    69 | D:1      | Reached XP level 2. HP: 6/19 MP: 2/2
   280 | D:1      | Reached XP level 3. HP: 18/24 MP: 3/3
   633 | D:2      | Reached XP level 4. HP: 28/29 MP: 4/4
  1023 | D:2      | Reached XP level 5. HP: 33/33 MP: 5/5
  1533 | D:3      | Found a faded altar of an unknown god.
  1555 | D:3      | Found a sacrificial altar of Ru.
  1828 | D:3      | Identified the +1 short sword of Cowardice {protect, Fly
                  | rPois SInv}
  2309 | D:4      | Found a radiant altar of Vehumet.
  2309 | D:4      | Found a sparkling altar of Nemelex Xobeh.
  2309 | D:4      | Found a broken altar of Ashenzari.
  2309 | D:4      | Found a glowing silver altar of Zin.
  2309 | D:4      | Found a snail-covered altar of Cheibriados.
  2309 | D:4      | Found a white marble altar of Elyvilon.
  2309 | D:4      | Found an iron altar of Okawaru.
  2309 | D:4      | Found a hazy altar of Hepliaklqana.
  2309 | D:4      | Found a bloodstained altar of Trog.
  2357 | D:4      | Reached XP level 6. HP: 38/39 MP: 6/6
  2360 | D:4      | Found a basalt altar of Yredelemnul.
  2398 | D:4      | Became a worshipper of Cheibriados the Contemplative
  2463 | D:4      | Noticed Sigmund
  2464 | D:4      | Found a sand-covered staircase.
  2471 | Ossuary  | Entered an ossuary
  2498 | Ossuary  | Reached skill level 5 in Armour
  2506 | Ossuary  | Reached skill level 5 in Fighting
  2514 | Ossuary  | Reached skill level 5 in Shields
  2514 | Ossuary  | Reached XP level 7. HP: 36/44 MP: 7/7
  2656 | Ossuary  | Reached XP level 8. HP: 51/51 MP: 8/8
  2723 | D:4      | Killed Sigmund
  2732 | D:4      | Found a stormy altar of Qazlal.
  2757 | D:4      | Noticed Grinder
  2765 | D:4      | Killed Grinder
  2766 | D:4      | Reached skill level 5 in Maces & Flails
  2877 | D:4      | Reached * piety under Cheibriados
  3099 | D:4      | Found a blossoming altar of Fedhas.
  3365 | D:5      | Entered Level 5 of the Dungeon
  3537 | D:5      | Reached XP level 9. HP: 54/56 MP: 9/9
  3753 | D:5      | Reached skill level 1 in Invocations
  3876 | D:5      | Reached ** piety under Cheibriados
  3991 | D:5      | Reached skill level 1 in Dodging
  4408 | D:6      | Reached *** piety under Cheibriados
  4940 | D:6      | Found Xutocuh's Weapon Boutique.
  4978 | D:6      | Reached XP level 10. HP: 64/64 MP: 12/12
  5406 | D:7      | Found a staircase to the Ecumenical Temple.
  5819 | D:7      | Found a shimmering altar of Xom.
  5928 | D:8      | Reached **** piety under Cheibriados
  5962 | D:8      | Identified the +4 trident "Tucaf" {spect, rElec rPois rF-
                  | Int+4}
  6021 | D:8      | Found an opulent altar of Gozag.
  6943 | D:9      | Reached skill level 5 in Invocations
  6965 | D:9      | Reached ***** piety under Cheibriados
  7088 | D:9      | Reached XP level 11. HP: 44/69 MP: 15/15
  7096 | D:9      | Identified the +1 robe of Servitude {rCorr}
  7416 | D:9      | Found a staircase to the Lair.
  7633 | D:10     | Entered Level 10 of the Dungeon
  7814 | D:10     | Noticed a soul eater
  8118 | D:10     | Noticed a two-headed ogre
  8125 | D:10     | Killed a two-headed ogre
  8426 | D:6      | Bought the +7 arbalest "Elecseca" {heavy, rElec} for 628
                  | gold pieces
  8953 | D:11     | Noticed Fannar
  8962 | D:11     | Killed Fannar
  8963 | D:11     | Reached skill level 1 in Ranged Weapons
  9126 | D:11     | Noticed a two-headed ogre
  9146 | D:11     | Killed a two-headed ogre
  9147 | D:11     | Reached XP level 12. HP: 55/77 MP: 17/17
  9273 | D:11     | Reached skill level 10 in Fighting
  9273 | D:11     | Reached skill level 10 in Armour
  9312 | D:11     | Reached skill level 10 in Shields
  9445 | D:11     | Noticed a centaur warrior
  9456 | D:11     | Killed a centaur warrior
  9893 | D:12     | Mangled by a large slime creature

Illustrated notes

Levels and vault maps discovered:
D:1:      mrwooster_arrival_statue_2, layout_rooms, solitary_fountain
D:2:      layout_rooms, minmay_stone_trees_medium, chequers_avenue,
          grunt_ministairs_6, minmay_puff
D:3:      layout_basic, lemuel_crystal_altar,
          shapermc_ecumenical_altar_mp_ritualfount
D:4:      nicolae_cairo_tiling_large_dashed, layout_rooms,
          nicolae_qazlal_general_emergency, fedhas_altar_decomposition,
          nicolae_overflows_in_rows, lemuel_zombie_altar_yredelemnul,
          chequers_ossuary_entry_cave, grunt_ministairs_8, corner_web_ring,
          uniq_grinder, uniq_sigmund
D:5:      layout_loops_ring, st_stairs_12, dk_noncrumbling_3
D:6:      layout_basic, serial_shops, nicolae_shop_bloodbath_and_beyond,
          minmay_misc_feat_five
D:7:      layout_rooms, tgw_xom, minmay_temple_entry_grid
D:8:      layout_loops_ring, overflow_temple_1_default
D:9:      layout_gridville, lair_entry_dummy, hangedman_incinerator
D:10:     layout_layer_cave, chequers_serial_rivers_micro_d
D:11:     layout_stronghold, serial_ice, serial_ice_b, serial_ice_g,
          serial_ice_a, serial_ice_h, serial_ice_f, serial_ice_m, serial_ice_e,
          uniq_fannar
D:12:     erik_rubicon_b, layout_cross, erik_orc_3,
          gammafunk_ghost_wrathful_warriors, serial_shops, shop_statue

Skill      XL: |  1  2  3  4  5  6  7  8  9 10 11 12 |
---------------+-------------------------------------+-----
Armour         | 4 5 6 7 9 10 | 10.2
Fighting       | 4 5 6 7 8 9 10 | 10.3
Shields        | 4 5 6 7 8 9 10 | 10.2
Maces & Flails | 3 4 5 6 7 8 9 |  9.2
Invocations    | 3 5 7 |  7.5
Dodging        | 1 2 3 4 |  4.0
Ranged Weapons | 1 2 |  2.2

Action                     |  1- 3 |  4- 6 |  7- 9 | 10-12 || total
---------------------------+-------+-------+-------+-------++-------
  Melee: Flail             |   109 |   206 |   496 |   203 ||  1014
         Mace              |       |       |       |   446 ||   446
         Punch             |       |       |       |     3 ||     3
   Fire: Arbalest          |       |       |       |    31 ||    31
  Throw: Dart              |       |       |       |     6 ||     6
 Invoke: Slouch            |       |       |       |     2 ||     2
    Use: Potion            |     1 |     5 |       |     5 ||    11
         Scroll            |       |     5 |       |       ||     5
   Stab: Invisible         |       |       |       |     2 ||     2
 Armour: Scale mail        |    93 |   178 |   207 |   451 ||   929
  Dodge: Dodged            |    66 |   113 |   172 |   444 ||   795
  Block: Buckler           |    35 |    64 |    47 |       ||   146
         Kite shield       |       |       |   138 |   486 ||   624

Table legend: (Time is in decaauts)
 A = Elapsed time spent in this place.
 B = Non-inter-level travel time spent in this place.
 C = Inter-level travel time spent in this place.
 D = Time resting spent in this place.
 E = Time spent auto-exploring this place.
 F = Levels seen in this place.
 G = Mean time per level.
                   A        B        C        D        E       F      G
               +--------+--------+--------+--------+--------+-----+--------+
         Total |  14252 |  13223 |   1029 |     58 |  10007 |  13 | 1096.3 |
       Dungeon |  13965 |  12936 |   1029 |     58 |   9929 |  12 | 1163.8 |
       Ossuary |    286 |    286 |      0 |      0 |     78 |   1 |  286.0 |
               +--------+--------+--------+--------+--------+-----+--------+

Top non-repeatable levels by time:
    D:10: 2004 daAuts
     D:6: 1759 daAuts
    D:11: 1603 daAuts
     D:9: 1553 daAuts
     D:8: 1456 daAuts
     D:5: 1059 daAuts
     D:7: 1032 daAuts
     D:4: 1020 daAuts
     D:2: 883 daAuts
     D:3: 881 daAuts
     D:1: 646 daAuts
 Ossuary: 286 daAuts
    D:12: 63 daAuts
